 Dungeon Crawl Stone Soup version 0.32-a0-42-ga30500b4d3 (webtiles) character file.

Game seed: 11813592658798153342

713 lunkers the Cudgeller (level 7, -5/76 HPs)
             Began as an Oni Gladiator on Feb 1, 2024.
             Slain by a centaur
             ... wielding a +2 long sword of electrocution
              (8 damage)
             ... on level 5 of the Dungeon.
             The game lasted 00:04:34 (3898 turns).

lunkers the Cudgeller (Oni Gladiator)               Turns: 3898, Time: 00:04:34

Health: -5/76      AC:  3    Str: 23    XL:     7   Next: 69%
Magic:  0/0        EV: 10    Int: 12    God:
Gold:   201        SH:  0    Dex: 10    Spells: 6/6 levels left

rFire   . . .        q - +0 mace (drain)
rCold   + . .        (no shield)
rNeg    + + .        b - +0 robe
rPois   .            c - +0 hat
rElec   .            (no cloak)
rCorr   .            (gloves unavailable)
SInv    +            (boots unavailable)
Will    .....        (no amulet)
Stlth   +            A - ring of Igrass {rC+ rN++ MP-9 Str+2 Int+3}
HPRegen 0.32/turn    B - ring of see invisible
MPRegen 0.07/turn

%: no passive effects
@: no status effects
A: large, unfitting armour, horns 1, tough skin 1, double potion healing,
drunken brawling
a: no special abilities


You were on level 5 of the Dungeon.
You visited 1 branch of the dungeon, and saw 5 of its levels.

You collected 201 gold pieces.

Inventory:

Hand Weapons
 a - a +0 flail
 q - a +0 mace of draining (weapon)
Missiles
 d - 3 throwing nets
 e - a large rock
 k - 34 stones
 z - 2 boomerangs
 D - 3 poisoned darts
Armour
 b - a +0 robe (worn)
 c - a +0 hat (worn)
Jewellery
 h - a ring of ice
 v - an amulet of faith
 A - the ring of Igrass (left hand) {rC+ rN++ MP-9 Str+2 Int+3}
   (You found it on level 4 of the Dungeon)

   [ring of protection from cold]

   Str+2:     It affects your strength (+2).
   Int+3:     It affects your intelligence (+3).
   rC+:       It protects you from cold.
   rN++:      It greatly protects you from negative energy.
   MP-9:      It affects your magic capacity (-9).
 B - a ring of see invisible (right hand)
 C - a +5 ring of evasion
Talismans
 t - a flux talisman
Wands
 y - a wand of mindburst (10)
Scrolls
 f - a scroll of poison {unknown}
 i - 2 scrolls of fear {unknown}
 l - 2 scrolls of identify {unknown}
 m - 3 scrolls of teleportation {unknown}
 s - a scroll of summoning {unknown}
 x - a scroll of enchant weapon {unknown}
Potions
 g - 2 potions of degeneration {unknown}
 j - 2 potions of heal wounds {unknown}
 n - 3 potions of mutation {unknown}
 o - a potion of haste {unknown}
 p - 2 potions of curing
 r - a potion of might {unknown}
 u - 2 potions of cancellation {unknown}
 w - 2 potions of enlightenment {unknown}


   Skills:
 + Level 6.7 Fighting
 * Level 7.3 Maces & Flails
 - Level 2.0 Throwing
 - Level 2.6 Dodging


You had 6 spell levels left.
You didn't know any spells.
Your spell library contained the following spells:

 Spells                   Type           Power      Damage    Failure   Level
 Apportation              Tloc           0%         N/A       32%         1
 Necrotise                Necr           0%         1d4       32%         1
 Sting                    Conj/Alch      0%         1d3       32%         1
 Summon Small Mammal      Summ           0%         N/A       32%         1
 Lesser Beckoning         Tloc           0%         N/A       45%         2
 Gell's Gravitas          Tloc           0%         N/A       69%         3
 Teleport Other           Tloc           0%         N/A       69%         3


Dungeon Overview and Level Annotations

Branches:
Dungeon (5/15)
 Temple: D:4-7

Altars:
Fedhas
Uskayaw
Xom

Shops:
D:4 [


Innate Abilities, Weirdness & Mutations

You are too large for most types of armour.
You have a pair of small horns on your head.
You have tough skin. (AC +1)
You gain doubled healing and magic from potions.
Whenever you drink a healing potion, you attack all around you.


Message History

You sock the hound! You drain the hound.
You headbutt the hound, but do no damage.
The hound is almost dead.
The hound bites you.
* * * LOW HITPOINT WARNING * * *
You miss the hound.
The hound is almost dead.
The hound bites you but does no damage. The hound bites you.
* * * LOW HITPOINT WARNING * * *
You sock the hound!
You kill the hound!
Unknown command.
A centaur comes into view.
It is wielding a +2 long sword of electrocution.
The centaur shouts!
The centaur unwields a +2 long sword of electrocution.
It stops crackling.
The centaur wields a +0 shortbow.
The centaur shoots an arrow.
The arrow barely misses you.
The centaur shoots an arrow.
The arrow hits you!
The centaur shoots an arrow.
The arrow hits you!
* * * LOW HITPOINT WARNING * * *
You are too injured to fight recklessly!
You are too injured to fight recklessly!
The centaur shoots an arrow.
The arrow hits you.
* * * LOW HITPOINT WARNING * * *
The centaur shoots an arrow.
The arrow hits you.
* * * LOW HITPOINT WARNING * * *
Found a robe.
The centaur unwields a +0 shortbow.
The centaur wields a +2 long sword of electrocution.
You hear the crackle of electricity.
The centaur closely misses you. x2
Unknown command.
You closely miss the centaur.
You headbutt the centaur, but do no damage.
The centaur hits you with a +2 long sword of electrocution!
* * * LOW HITPOINT WARNING * * *
You are electrocuted!!
* * * LOW HITPOINT WARNING * * *
The centaur kicks you but does no damage.
The centaur hits you with a +2 long sword of electrocution!
You die...

.. .#####.. #......[
.....### ##...##.##
..#####....#...#
#........c........#
#....$....@......#
................##
...$...........##
.......######...###
.......#### #.....#
........#.####†...#
......†.S..###..#..#
........#......##...#
.(...#..#..)...# #..#


You could see a centaur.

Vanquished Creatures
  A black bear (D:4)
  A sky beast (D:4)
  A phantom (D:4)
  3 bombardier beetles (D:4)
  4 hounds
  A jelly (D:5)
  An iguana (D:4)
  Jessica (D:2)
  A gnoll (D:4)
  6 adders
  2 ufetubi (D:5)
  4 ribbon worms
  2 dart slugs
  2 orcs
  6 ball pythons
  5 endoplasms
  2 giant cockroaches (D:1)
  5 goblins
  6 hobgoblins
  3 jackals (D:4)
  2 quokkas
  2 bats (D:3)
  2 frilled lizards
  12 kobolds
  5 rats
80 creatures vanquished.

Notes
Turn   | Place    | Note
-------+----------+-------------------------------------------
     0 | D:1      | lunkers the Oni Gladiator began the quest for the Orb.
     0 | D:1      | Reached XP level 1. HP: 22/22 MP: 1/1
   431 | D:1      | Reached XP level 2. HP: 29/31 MP: 2/2
  1112 | D:2      | Reached XP level 3. HP: 34/37 MP: 3/3
  1155 | D:2      | Noticed Jessica
  1161 | D:2      | Killed Jessica
  1162 | D:2      | Reached skill level 4 in Maces & Flails
  1162 | D:2      | Reached XP level 4. HP: 39/48 MP: 4/4
  1675 | D:3      | Found a faded altar of an unknown god.
  2079 | D:3      | Found a blossoming altar of Fedhas.
  2116 | D:3      | Reached XP level 5. HP: 46/55 MP: 5/5
  2287 | D:4      | Found a shimmering altar of Xom.
  2291 | D:4      | Reached skill level 5 in Maces & Flails
  2297 | D:4      | Identified the ring of Igrass {rC+ rN++ MP-9 Str+2 Int+3}
  2425 | D:4      | Found a hide-covered altar of Uskayaw.
  2471 | D:4      | Noticed a sky beast
  2485 | D:4      | Killed a sky beast
  2486 | D:4      | Reached skill level 5 in Fighting
  2486 | D:4      | Reached XP level 6. HP: 13/66 MP: 0/6
  2488 | D:4      | HP: 3/66 [burnt (5)]
  2493 | D:4      | HP: 3/66 [burnt (3)]
  2688 | D:4      | Found Radir's Armour Emporium.
  2765 | D:4      | Noticed a black bear
  2771 | D:4      | Killed a black bear
  2772 | D:4      | Reached skill level 6 in Maces & Flails
  2940 | D:4      | Reached XP level 7. HP: 64/75 MP: 0/7
  3641 | D:4      | Reached skill level 7 in Maces & Flails
  3664 | D:5      | Entered Level 5 of the Dungeon
  3898 | D:5      | HP: 3/76 [centaur/+2 long sword of electrocution (18)]
  3898 | D:5      | Slain by a centaur

Illustrated notes

Levels and vault maps discovered:
D:1:      dpeg_arrival_long_road, layout_basic, serial_forest,
          infiniplex_forest_lined_room_2, infiniplex_forest_corner_1,
          infiniplex_forest_lined_2, infiniplex_forest_clump_double,
          infiniplex_forest_zigzag_2, infiniplex_forest_clump_medium,
          infiniplex_forest_pool, infiniplex_forest_3_way, roderic_lattice_a
D:2:      layout_rooms, uniq_jessica
D:3:      layout_rooms, mainiacjoe_overflow_concentric_impassable,
          dreamdust_ecumenical_altar_sealed_demon, nrook_campfire
D:4:      layout_basic, mainiacjoe_overflow_catch_the_wave, serial_shops, shop,
          serial_bayou, serial_bayou_lagoon_a, serial_bayou_shore_a,
          serial_bayou_lake_a, serial_bayou_ford_a, hangedman_minor_gate_pass
D:5:      layout_cave_pools, chequers_temple_overflow_minitemple,
          kennysheep_mini_moat, temple_hall, uniq_eustachio, uniq_sigmund,
          uniq_blork_the_orc

Skill      XL: |  1  2  3  4  5  6  7 |
---------------+----------------------+-----
Fighting       | 3 4 5 6 |  6.7
Maces & Flails | 4 5 6 7 |  7.3
Throwing       | |  2.0
Dodging        | |  2.6

Action                     |  1- 3 |  4- 6 |  7- 9 || total
---------------------------+-------+-------+-------++-------
  Melee: Flail             |    49 |     7 |       ||    56
         Headbutt          |     9 |    18 |    23 ||    50
         Mace              |       |   105 |    80 ||   185
         Punch             |       |     1 |     4 ||     5
    Use: Potion            |       |     3 |     1 ||     4
 Armour: Robe              |    25 |    90 |    65 ||   180
  Dodge: Dodged            |    27 |    51 |    53 ||   131

Table legend: (Time is in decaauts)
 A = Elapsed time spent in this place.
 B = Non-inter-level travel time spent in this place.
 C = Inter-level travel time spent in this place.
 D = Time resting spent in this place.
 E = Time spent auto-exploring this place.
 F = Levels seen in this place.
 G = Mean time per level.
                   A        B        C        D        E       F      G
               +--------+--------+--------+--------+--------+-----+--------+
         Total |   3927 |   3764 |    163 |    171 |   2945 |   5 |  785.4 |
       Dungeon |   3927 |   3764 |    163 |    171 |   2945 |   5 |  785.4 |
               +--------+--------+--------+--------+--------+-----+--------+

Top non-repeatable levels by time:
     D:4: 1385 daAuts
     D:1: 1073 daAuts
     D:3: 674 daAuts
     D:2: 559 daAuts
     D:5: 234 daAuts
